 Dungeon Crawl Stone Soup version 0.28-a0-1429-gf3d713df7a (webtiles) character file.

Game seed: 4140485830334990859

162 HallandMoats the Shield-Bearer (level 5, -1/42 HPs)
             Began as a Demonspawn Fighter on Jan 9, 2022.
             Was a Follower of Okawaru.
             Slain by an adder (3 damage)
             ... on level 3 of the Dungeon.
             The game lasted 00:03:08 (2432 turns).

HallandMoats the Shield-Bearer (Demonspawn Fighter) Turns: 2432, Time: 00:03:09

Health: -1/42      AC:  7    Str: 19    XL:     5   Next: 19%
Magic:  7/7        EV:  9    Int:  9    God:    Okawaru [*.....]
Gold:   90         SH:  4    Dex: 12    Spells: 4/4 levels left

rFire   . . .      SeeInvis .   a - +0 war axe
rCold   . . .      Faith    .   c - +0 buckler
rNeg    . . .      Spirit   .   b - +0 scale mail
rPois   .          Reflect  .   (no helmet)
rElec   .          Harm     .   (no cloak)
rCorr   .          Rampage  .   (no gloves)
Will    .....                   (no boots)
Stlth   ..........              (no amulet)
HPRegen 0.14/turn               (no ring)
MPRegen 0.20/turn               (no ring)

@: brilliant, lethally poisoned (-1 -> -7), attractive, invisible
A: rugged brown scales 1, magic regeneration, demonic touch 1
a: Renounce Religion, Heroism


You were on level 3 of the Dungeon.
You worshipped Okawaru.
Okawaru was aware of your devotion.
You visited 1 branch of the dungeon, and saw 3 of its levels.

You collected 90 gold pieces.

Inventory:

Hand Weapons
 a - a +0 war axe (weapon)
Armour
 b - a +0 scale mail (worn)
 c - a +0 buckler (worn)
Jewellery
 k - a ring of see invisible
Wands
 m - a wand of digging (4)
Scrolls
 e - a scroll of identify {unknown}
 f - a scroll of immolation {unknown}
 g - a scroll of fear {unknown}
 i - a scroll of teleportation {unknown}
Potions
 d - a potion of might
 h - a potion of invisibility


   Skills:
 + Level 3.4 Fighting
 + Level 2.4 Axes
 + Level 3.1 Armour
 + Level 1.3 Dodging
 * Level 3.6 Shields
 * Level 2.8 Invocations


You had 4 spell levels left.
You didn't know any spells.
Your spell library contained the following spells:

 Spells                   Type           Power      Damage    Failure   Level
 Slow                     Hex            0%         N/A       85%         1
 Confusing Touch          Hex            0%         N/A       99%         3
 Frozen Ramparts          Ice            0%         1d2       99%         3
 Portal Projectile        Hex/Tloc       0%         N/A       99%         3
 Vampiric Draining        Necr           0%         2d6       99%         3
 Ice Form                 Ice/Tmut       0%         N/A       100%        4
 Leda's Liquefaction      Hex/Erth       0%         N/A       100%        4
 Call Canine Familiar     Summ           Unusable   N/A       N/A         3
 Summon Ice Beast         Ice/Summ       Unusable   N/A       N/A         4

Dungeon Overview and Level Annotations

Branches:
Dungeon (3/15)

Altars:
Okawaru
Yredelemnul

Shops:
D:1 [


Innate Abilities, Weirdness & Mutations

You are partially covered in rugged brown scales. (AC +1, +3% HP)
You regenerate magic rapidly.
Your touch may inflict minor irresistible damage on your foes.


Message History

You are too injured to fight recklessly!
You are too injured to fight recklessly!
You hit the adder but do no damage.
The adder is almost dead.
You feel sick.
You are no longer poisoned.
The adder completely misses you. The adder bites you but does no damage.
You hit the adder but do no damage.
The adder is almost dead.
The adder bites you but does no damage. The adder bites you.
You are poisoned.
The adder poisons you!
You closely miss the adder.
The adder is almost dead.
You feel very sick. The adder bites you.
You are more poisoned.
The adder poisons you! The adder bites you but does no damage.
You closely miss the adder.
The adder is almost dead.
* * * LOW HITPOINT WARNING * * *
You feel very sick. The adder bites you.
* * * LOW HITPOINT WARNING * * *
You are lethally poisoned!
The adder poisons you! The adder barely misses you.
It was a potion of invisibility.
You fade into invisibility!
* * * LOW HITPOINT WARNING * * *
You feel very sick. The adder barely misses you.
It was a potion of attraction.
You feel attractive to monsters.
* * * LOW HITPOINT WARNING * * *
You feel sick. The adder closely misses you. You block the adder's attack.
It was a potion of brilliance.
You feel clever all of a sudden.
* * * LOW HITPOINT WARNING * * *
You feel sick. The adder bites you.
You die...

#.# #.#
##.## ...#
#..# #..#
###..####.#
#.S@..<(..#
#.#######.#
#


You could see an adder.

Vanquished Creatures
  A phantom (D:3)
  Jessica (D:2)
  2 adders (D:2)
  A worm (D:2)
  A dart slug (D:2)
  3 bats
  2 endoplasms (D:1)
  7 goblins
  3 hobgoblins
  3 jackals (D:2)
  5 kobolds
  4 quokkas
  3 ball pythons
  3 rats
39 creatures vanquished.

Notes
Turn   | Place    | Note
-------+----------+-------------------------------------------
     0 | D:1      | HallandMoats the Demonspawn Fighter began the quest for the
                  | Orb.
     0 | D:1      | Reached XP level 1. HP: 18/18 MP: 1/1
   143 | D:1      | Found Tebb's Antique Armour Boutique.
   235 | D:1      | Found a faded altar of an unknown god.
   325 | D:1      | Gained mutation: You regenerate magic rapidly. [demonic
                  | ancestry]
   325 | D:1      | Reached XP level 2. HP: 24/24 MP: 2/2
   376 | D:1      | Prayed at the altar of an unknown god.
   376 | D:1      | Became a worshipper of Warmaster Okawaru
   376 | D:1      | Reached * piety under Okawaru
  1324 | D:2      | Reached skill level 1 in Invocations
  1534 | D:2      | Gained mutation: You are partially covered in rugged brown
                  | scales. (AC +1, +3% HP) [demonic ancestry]
  1534 | D:2      | Reached XP level 3. HP: 19/29 MP: 3/3
  1952 | D:2      | Noticed Jessica
  1954 | D:2      | Found a basalt altar of Yredelemnul.
  1958 | D:2      | Killed Jessica
  1959 | D:2      | Reached skill level 1 in Dodging
  1959 | D:2      | Gained mutation: Your touch may inflict minor irresistible
                  | damage on your foes. [demonic ancestry]
  1959 | D:2      | Reached XP level 4. HP: 28/36 MP: 5/5
  2380 | D:3      | Noticed a phantom
  2393 | D:3      | Killed a phantom
  2394 | D:3      | Reached XP level 5. HP: 36/42 MP: 5/7
  2432 | D:3      | HP: 2/42 [poisoned by an adder]
  2432 | D:3      | Slain by an adder

Illustrated notes

Levels and vault maps discovered:
D:1:      tarquinn_simple_flora_water_a, layout_basic,
          hellmonk_ecumenical_altar_pennies_from_heaven, serial_shops, shop
D:2:      layout_basic, basic_altar, uniq_jessica
D:3:      layout_loops_ring, overflow_temple_1_default,
          ebering_dispersal_statue_hall, uniq_crazy_yiuf_cottage

Skill      XL: |  1  2  3 |
---------------+----------+-----
Shields        | 3 |  3.6
Axes           | 2 |  2.4
Invocations    | 1 2 |  2.8
Armour         | 3 |  3.1
Dodging        | 1 |  1.3
Fighting       | |  3.4

Action                   |  1- 3 |  4- 6 || total
-------------------------+-------+-------++-------
Melee: War axe           |    84 |    31 ||   115
Invok: Heroism           |       |     1 ||     1
  Use: Potion            |       |     3 ||     3
Armor: Scale mail        |    31 |    15 ||    46
Dodge: Dodged            |    33 |    22 ||    55
Block: Buckler           |    31 |     4 ||    35

Table legend: (Time is in decaauts)
 A = Elapsed time spent in this place.
 B = Non-inter-level travel time spent in this place.
 C = Inter-level travel time spent in this place.
 D = Time resting spent in this place.
 E = Time spent auto-exploring this place.
 F = Levels seen in this place.
 G = Mean time per level.
                   A        B        C        D        E       F      G
               +--------+--------+--------+--------+--------+-----+--------+
         Total |   2484 |   2378 |    106 |      0 |   2065 |   3 |  828.0 |
       Dungeon |   2484 |   2378 |    106 |      0 |   2065 |   3 |  828.0 |
               +--------+--------+--------+--------+--------+-----+--------+

Top non-repeatable levels by time:
     D:1: 1267 daAuts
     D:2: 1158 daAuts
     D:3: 58 daAuts
